 Dungeon Crawl Stone Soup version 0.23-a0-644-gb60d84b (webtiles) character file.

10791 Borgoz the Grappler (level 11, -3/101 HPs)
             Began as a Ghoul Gladiator on Jan 1, 2019.
             Slain by an eight-headed hydra (12 damage)
             ... on level 1 of the Lair of Beasts.
             The game lasted 00:26:22 (11337 turns).

Borgoz the Grappler (Ghoul Gladiator)              Turns: 11337, Time: 00:26:23

Health: -3/101     AC:  8    Str: 19    XL:     11   Next: 67%
Magic:  14/14      EV: 17    Int:  3    God:
Gold:   681        SH:  0    Dex: 13    Spells: 13/16 levels left

rFire    + . .     SeeInvis .     - Unarmed
rCold    + . .     Gourm    .   (no shield)
rNeg     + + +     Faith    .   A - +0 ring mail {MR+}
rPois    ∞         Spirit   .   b - +0 helmet
rElec    .         Reflect  .   (no cloak)
rCorr    .         Harm     .   (no gloves)
MR       +....                  (no boots)
Stlth    +.........             (no amulet)
HPRegen  0.00/turn              j - ring of protection from fire
MPRegen  0.14/turn              z - +2 ring of evasion

@: rotting
A: rotting body, claws 1, carnivore, cold resistance 1, negative energy
resistance 3, inhibited regeneration, torment resistance, unbreathing
a: no special abilities


You were on level 1 of the Lair of Beasts.
You were not hungry.

You visited 4 branches of the dungeon, and saw 13 of its levels.
You also visited: Ossuary.

You collected 681 gold pieces.

Inventory:

Hand Weapons
 w - a +1 vampiric dagger
 x - a +2 dagger of protection
Missiles
 c - 3 throwing nets (quivered)
Armour
 b - a +0 helmet (worn)
 A - a +0 ring mail of magic resistance (worn)
Jewellery
 a - an uncursed ring of wizardry
 j - a ring of protection from fire (left claw)
 k - an uncursed ring of wizardry
 m - an uncursed ring of positive energy
 s - an uncursed amulet of the acrobat
 v - an uncursed ring of poison resistance
 z - a +2 ring of evasion (right claw)
 C - an uncursed amulet of harm
Wands
 q - a wand of digging (11)
 t - a wand of enslavement (15)
 u - a wand of random effects (24)
Scrolls
 e - 8 scrolls of remove curse
 g - 7 scrolls of teleportation
 h - a scroll of identify
 i - a scroll of fear
 l - 3 scrolls of fog
 y - 2 scrolls of enchant armour
 D - a scroll of amnesia
 E - a scroll of immolation
Potions
 f - 2 potions of magic
 o - 4 potions of curing
 p - a potion of brilliance
 B - 3 potions of degeneration {unknown}
Comestibles
 d - 10 rations


   Skills:
 + Level 10.5 Fighting
 - Level 1.7 Throwing
 + Level 7.7 Armour
 + Level 8.3 Dodging
 + Level 10.8 Unarmed Combat
 - Level 3.1 Spellcasting
 - Level 3.8 Necromancy
   Level 4.3 Invocations


You had 13 spell levels left.
You knew the following spells:

 Your Spells              Type           Power        Failure   Level  Hunger
a - Regeneration          Chrm/Necr      #.........   67%         3    ####...

Your spell library contained the following spells:

 Spells                   Type           Power        Failure   Level  Hunger
 Animate Skeleton         Necr           N/A          14%         1    ##.....
 Pain                     Necr           #...         14%         1    ##.....
 Vampiric Draining        Necr           #.........   38%         3    ####...
 Animate Dead             Necr           N/A          80%         4    #####..


Dungeon Overview and Level Annotations

Branches:
Dungeon (10/15)            Temple (1/1) D:7            Lair (1/6) D:9
    Orc (1/2) D:9

Altars:
Ashenzari
Cheibriados
Dithmenos
Elyvilon
Fedhas
Gozag
Hepliaklqana
Kikubaaqudgha
Makhleb
Nemelex Xobeh
Okawaru
Qazlal
Ru
Sif Muna
Trog
Uskayaw
Vehumet
Wu Jian
Xom
Yredelemnul
Zin
The Shining One

Annotations:
D:10 Gastronok


Innate Abilities, Weirdness & Mutations

Your body is rotting away.
You thrive on raw meat.
You are immune to poison.
You have sharp fingernails.
You are carnivorous and can eat meat at any time.
Your flesh is cold resistant. (rC+)
You are immune to negative energy. (rN+++)
You do not regenerate when monsters are visible.
You are immune to unholy pain and torment.
You can survive without breathing.


Message History

Your eight-headed hydra closely misses the water moccasin.
Your eight-headed hydra misses the water moccasin.
Your eight-headed hydra bites the water moccasin.
Your eight-headed hydra completely misses the water moccasin.
Your eight-headed hydra bites the water moccasin!
The water moccasin dies!
h - a scroll of identify The eight-headed hydra is no longer charmed.
The eight-headed hydra bites you but does no damage.
The eight-headed hydra closely misses you. x2
The eight-headed hydra bites you! x2
* * * LOW HITPOINT WARNING * * *
The eight-headed hydra completely misses you. x2
The eight-headed hydra bites you!
* * * LOW HITPOINT WARNING * * *
Okay, then.
You feel better. The eight-headed hydra bites you.
* * * LOW HITPOINT WARNING * * *
The eight-headed hydra bites you!
You die...

## #####P# ###
##.....# ##.####
#..$...## ......##
#......#
.......######.....#
......###..##)....##
........#...'..D@..#
......+...P##.....##
......#######.....#
......# #..^.##
......# ##...#
......# ##P..P
##+#### ###.## .##
+# #...#


You could see an eight-headed hydra.

Vanquished Creatures
  A two-headed ogre (D:8)
  Pikel (D:5)
  A gargoyle (D:10)
  A spiny frog (Lair:1)
  A queen bee (D:8)
  A troll (D:9)
  A polar bear (D:9)
  Grinder (D:6)
  3 hippogriffs
  7 yaks (D:9)
  A wraith (D:8)
  2 basilisks (D:9)
  A wyvern (Lair:1)
  A hungry ghost (D:10)
  A water moccasin (D:8)
  An ice beast (D:9)
  A black bear (Lair:1)
  3 orc warriors
  2 sky beasts
  7 ogres
  A necrophage (D:10)
  2 centaurs
  A crocodile (D:9)
  A big kobold (D:7)
  6 bullfrogs
  3 water moccasin zombies
  3 scorpions
  A water moccasin skeleton (D:5)
  14 killer bees (D:8)
  6 wights
  A howler monkey (D:5)
  A bullfrog zombie (D:6)
  2 crimson imps
  A quasit (D:9)
  A jelly (D:6)
  3 orc priests
  5 hounds
  3 bullfrog skeletons
  5 centaur skeletons
  9 orc wizards
  4 iguanas
  8 worker ants
  4 big kobold zombies (Ossuary)
  2 hound zombies (D:4)
  A hound skeleton (D:10)
  2 worker ant zombies
  2 mummies (Ossuary)
  7 gnolls
  6 adders
  4 shadow imps
  A white imp (D:9)
  A howler monkey simulacrum (D:10)
  An ooze (D:3)
  12 adder zombies
  An adder skeleton (D:4)
  3 worms
  2 dart slugs (D:1)
  3 leopard geckos
  40 orcs
  2 ball pythons
  5 bats
  6 giant cockroaches
  3 gnoll zombies (Ossuary)
  10 goblins
  4 hobgoblins
  17 jackals
  13 kobolds
  7 quokkas
  A ball python zombie (D:4)
  7 frilled lizards
  A giant cockroach zombie (D:4)
  5 hobgoblin zombies (Ossuary)
  A jackal zombie (D:4)
  2 kobold zombies (Ossuary)
  8 orc zombies (Ossuary)
  A quokka zombie (D:9)
  8 rats
312 creatures vanquished.

Vanquished Creatures (collateral kills)
  A water moccasin (Lair:1)
1 creature vanquished.

Grand Total: 313 creatures vanquished

Notes
Turn   | Place    | Note
-------+----------+-------------------------------------------
     0 | D:1      | Borgoz the Ghoul Gladiator began the quest for the Orb.
     0 | D:1      | Reached XP level 1. HP: 17/17 MP: 0/0
    60 | D:1      | Reached XP level 2. HP: 16/25 MP: 1/1
   526 | D:1      | Reached XP level 3. HP: 26/30 MP: 2/2
   531 | D:1      | Reached skill level 1 in Armour
  1176 | D:2      | Reached XP level 4. HP: 34/38 MP: 3/3
  1395 | D:2      | Found a faded altar of an unknown god.
  1789 | D:3      | Reached XP level 5. HP: 45/45 MP: 4/4
  2145 | D:3      | Found a hazy altar of Hepliaklqana.
  2403 | D:4      | Reached XP level 6. HP: 12/52 MP: 5/5
  2888 | D:4      | Reached skill level 5 in Unarmed Combat
  2888 | D:4      | Reached XP level 7. HP: 25/60 MP: 6/6
  3208 | D:5      | Entered Level 5 of the Dungeon
  3347 | D:5      | Reached skill level 5 in Armour
  3347 | D:5      | Reached skill level 5 in Dodging
  3347 | D:5      | Reached XP level 8. HP: 18/74 MP: 6/11
  3354 | D:5      | Found a sand-covered staircase.
  3520 | Ossuary  | Entered an ossuary
  4241 | D:5      | Found an ancient bone altar of Kikubaaqudgha.
  4241 | D:5      | Found a basalt altar of Yredelemnul.
  4242 | D:5      | Found a stormy altar of Qazlal.
  4285 | D:5      | You fall through a shaft for 2 floors!
  4288 | D:7      | Reached XP level 9. HP: 81/81 MP: 12/12
  4492 | D:6      | Noticed Grinder
  4512 | D:6      | Paralysed by Grinder for 4 turns
  4521 | D:6      | Killed Grinder
  4740 | D:5      | Noticed Pikel
  4758 | D:5      | Killed Pikel
  4903 | D:5      | Reached XP level 10. HP: 89/89 MP: 13/13
  4936 | D:5      | Learned a level 3 spell: Regeneration
  4958 | D:5      | Found a glowing golden altar of the Shining One.
  4959 | D:5      | Found an ornate altar of the Wu Jian Council.
  5512 | D:6      | Found a sparkling altar of Nemelex Xobeh.
  5596 | D:6      | Found an iron altar of Okawaru.
  5772 | D:7      | Found a staircase to the Ecumenical Temple.
  5788 | Temple   | Entered the Ecumenical Temple
  7154 | D:8      | Found a shattered altar of Ashenzari.
  7500 | D:9      | Noticed a two-headed ogre
  7532 | D:8      | Killed a two-headed ogre
  7532 | D:8      | Reached skill level 10 in Unarmed Combat
  7532 | D:8      | Reached XP level 11. HP: 32/98 MP: 14/14
  7855 | D:10     | Entered Level 10 of the Dungeon
  8152 | D:9      | Found a staircase to the Orcish Mines.
  8263 | Orc:1    | Entered Level 1 of the Orcish Mines
  8417 | D:9      | Found a staircase to the Lair.
  8436 | D:9      | Reached skill level 10 in Fighting
 10044 | D:10     | Noticed Gastronok
 10752 | Lair:1   | Entered Level 1 of the Lair of Beasts
 10799 | D:9      | HP: 5/101 [yak (6)]
 11305 | Lair:1   | Noticed a six-headed hydra
 11316 | Lair:1   | Noticed an eight-headed hydra
 11337 | Lair:1   | Slain by an eight-headed hydra

Vault maps used:
D:1:      psy_arrival_radial02, minmay_pentomino_q4
D:2:      first_ration, serial_glass, glass_columns_c, glass_columns_b,
          chequers_ecumenical_altar_island, corexii_corridor_pit,
          grunt_ministairs_2
D:3:      lemuel_coloured_pillars_altar, st_stairs_5
D:4:      serial_undead, serial_undead_a, serial_undead_a, serial_undead_e,
          serial_undead_b, serial_undead_d, serial_undead_b
D:5:      chequers_temple_overflow_statue_of_worship,
          gammafunk_temple_overflow_statue, enter_ossuary_2, skrybe_limestone_x,
          minmay_a_box_with_orc_wizards_in_it, uniq_pikel
D:6:      minitemple, lemuel_flame_loot_1, uniq_grinder
D:7:      minmay_temple_entry_slanted
D:8:      evilmike_ruin_ashenzari, david_nohive_1
D:9:      david_lair_generic, david_orc_2
D:10:     serial_ice, serial_ice_e, serial_ice_o, serial_ice_a, serial_ice_k,
          minivault_20, uniq_gastronok
Temple:   nicolae_temple_god_jail
Lair:1:   gauntlet_entry_generic
Ossuary:  ossuary_tomb_2

Skill      XL: |  1  2  3  4  5  6  7  8  9 10 11 |
---------------+----------------------------------+-----
Dodging        | 3 4 5 6 7 8 |  8.3
Armour         | 1 2 5 6 7 |  7.7
Fighting       | 3 4 8 9 10 | 10.5
Unarmed Combat | 4 5 8 9 10 | 10.8
Spellcasting   | 3 |  3.1
Necromancy     | 3 |  3.8
Invocations    | 4 |  4.3
Throwing       | |  1.7

Action                   |  1- 3 |  4- 6 |  7- 9 | 10-12 || total
-------------------------+-------+-------+-------+-------++-------
Melee: Unarmed           |    97 |   247 |   349 |   546 ||  1239
       Punch             |     1 |     9 |    13 |    22 ||    45
Evoke: Wand              |       |       |       |    17 ||    17
  Use: Scroll            |       |       |    13 |    12 ||    25
       Potion            |       |       |     2 |    10 ||    12
 Stab: Invisible         |       |       |       |     3 ||     3
  Eat: Chunk             |    10 |    18 |    24 |    63 ||   115
Armor: Leather armour    |    20 |       |       |       ||    20
       Ring mail         |     1 |    87 |    70 |   167 ||   325
Dodge: Dodged            |    84 |   164 |   181 |   655 ||  1084

Table legend:
 A = Non-vault XP
 B = Vault XP
 C = Vault XP percentage of total XP
 D = Non-vault monster count
 E = Vault monster count
 F = Vault count percentage of total count
                 A         B        C        D         E       F
            +---------+---------+-------+---------+---------+-------
      Total |   10087 |    4506 |  30.9 |     224 |      89 |  28.4
            +---------+---------+-------+---------+---------+-------
        D:1 |      37 |       5 |  11.9 |      20 |       2 |   9.1
        D:2 |      76 |       2 |   2.6 |      23 |       1 |   4.2
        D:3 |     124 |      10 |   7.5 |      28 |       3 |   9.7
        D:4 |     242 |     121 |  33.3 |       5 |      11 |  68.8
        D:5 |     636 |     849 |  57.2 |      16 |       5 |  23.8
        D:6 |    1257 |     281 |  18.3 |      31 |       1 |   3.1
        D:7 |    1228 |       0 |   0.0 |      34 |       0 |   0.0
        D:8 |    2210 |    1184 |  34.9 |      24 |      15 |  38.5
        D:9 |    2593 |    1217 |  31.9 |      30 |      12 |  28.6
       D:10 |     820 |     466 |  36.2 |       7 |       4 |  36.4
     Temple |       3 |       0 |   0.0 |       1 |       0 |   0.0
     Lair:1 |     858 |       0 |   0.0 |       4 |       0 |   0.0
      Orc:1 |       3 |       0 |   0.0 |       1 |       0 |   0.0
    Ossuary |       0 |     371 | 100.0 |       0 |      35 | 100.0
            +---------+---------+-------+---------+---------+-------
